 Dungeon Crawl Stone Soup version 0.18-a0-1105-ge9caa06 (console) character file.

1582 FIQ the Cleaver (level 8, -4/70 HPs)
             Began as a Hill Orc Monk on Jan 16, 2016.
             Was an Elder of Beogh.
             Shot with an arrow by a centaur (6 damage)
             ... on level 6 of the Dungeon.
             The game lasted 00:14:09 (6066 turns).

FIQ the Cleaver (Hill Orc Monk)                     Turns: 6066, Time: 00:14:09

Health: -4/70      AC: 14    Str: 17    XL:     8   Next: 91%
Magic:  8/8        EV:  8    Int:  6    God:    Beogh [****..]
Gold:   344        SH:  0    Dex: 15    Spells: 0 memorised, 7 levels left

rFire  . . .     SeeInvis .     t - +1 war axe
rCold  . . .     Gourm    .     a - +0 chain mail
rNeg   . . .     Faith    .     (no shield)
rPois  .         Spirit   .     (no helmet)
rElec  .         Dismiss  .     e - +1 cloak
rCorr  .         Reflect  .     (no gloves)
SustAt .         Harm     .     (no boots)
MR     .....                    (no amulet)
Stlth  ..........               h - +3 ring of strength
                                j - -4 ring of intelligence

@: not resistant to hostile enchantments, extremely unstealthy
A: no striking features
a: Smiting, Recall Orcish Followers, Renounce Religion


You were on level 6 of the Dungeon.
You worshipped Beogh.
Beogh was greatly pleased with you.
You were not hungry.

You visited 1 branch of the dungeon, and saw 6 of its levels.

You collected 344 gold pieces.

Inventory:

Hand Weapons
 t - a +1 war axe (weapon)
Missiles
 n - 7 arrows
Armour
 a - a +0 chain mail (worn)
 e - a +1 cloak (worn)
Jewellery
 h - a +3 ring of strength (right hand)
 j - a -4 ring of intelligence (left hand)
Wands
 p - a wand of random effects (43/48)
 s - a wand of flame (28/48)
 v - a wand of random effects (20/48)
 w - a wand of paralysis (10/24)
Scrolls
 c - 2 scrolls of remove curse
 d - 4 scrolls of enchant weapon
 i - 9 scrolls of identify {unknown}
 k - a scroll of immolation {unknown}
 l - a scroll of enchant armour
 o - a scroll of magic mapping
 B - 2 scrolls of recharging
Potions
 f - 2 potions of poison
 g - 2 potions of magic
 z - a potion of might
Books
 r - a book of the Earth

   Spells                             Type                      Level
   a - Leda's Liquefaction            Hexes/Earth                  4
   b - Bolt of Magma                  Conjuration/Fire/Earth       5
   c - Statue Form                    Transmutation/Earth          6
   d - Iron Shot                      Conjuration/Earth            6
   e - Shatter                        Earth                        9
 y - a book of Minor Magic

   Spells                             Type                      Level
   a - Magic Dart                     Conjuration                  1
   b - Blink                          Translocation                2
   c - Call Imp                       Summoning                    2
   d - Repel Missiles                 Charms/Air                   2
   e - Slow                           Hexes                        2
   f - Conjure Flame                  Conjuration/Fire             3
   g - Mephitic Cloud                 Conjuration/Poison/Air       3
Comestibles
 b - 3 bread rations
 m - 3 beef jerkies
 u - 2 royal jellies
 x - 6 chunks of flesh
 A - 6 fruits


   Skills:
 + Level 6.1 Fighting
 * Level 8.6 Axes
 + Level 8.2 Armour
 - Level 2.4 Dodging
 - Level 1.5 Stealth
 - Level 4.3 Unarmed Combat


You had 7 spell levels left.
You didn't know any spells.

Dungeon Overview and Level Annotations

Branches:
Dungeon (6/15)
 Temple: D:4-7

Altars:
Gozag
Makhleb
Okawaru
Ru
Vehumet
Xom
Zin
The Shining One

Annotations:
D:4 Grinder


Message History

Your orc priest calls upon Beogh to heal your orc priest.
Your orc priest's wounds heal themselves!
The centaur shoots an arrow.
The arrow barely misses you.
You see here an arrow.
You swap places.
The centaur shoots an arrow.
The arrow hits you!
* * * LOW HITPOINT WARNING * * *
The centaur shoots an arrow.
The arrow hits you!
* * * LOW HITPOINT WARNING * * *
You see here 3 arrows.
The centaur shoots an arrow.
The arrow hits you but does no damage.
The centaur shoots an arrow.
The arrow hits you.
* * * LOW HITPOINT WARNING * * *
The centaur shoots an arrow.
The arrow hits you but does no damage.
You see here 5 arrows.
Read which item? (? for menu, Esc to quit)
As you read the scroll of fog, it crumbles to dust.
The scroll dissolves into smoke.
The centaur shoots an arrow.
The arrow barely misses you.
The centaur shoots an arrow.
The arrow hits you.
* * * LOW HITPOINT WARNING * * *
n - 7 arrows The centaur shoots an arrow.
The arrow hits you but does no damage.
The centaur shoots an arrow.
The arrow hits you.
You die...

o#
#.≈≈≈≈≈≈≈≈≈≈≈.c..c.≈≈
o#
#.≈≈≈≈≈≈≈≈≈≈........≈≈
.# #.≈≈≈≈≈≈≈≈≈≈..#'
.#####..≈≈≈≈≈≈≈≈≈..#
...≈≈≈≈
(...)...≈≈≈≈≈≈≈≈≈c.#
...≈≈≈#
...o...oo≈≈≈≈≈≈≈≈≈c#
#..≈≈≈#
########.[.≈≈≈≈≈≈≈c#
##.≈≈≈≈#
###.(≈≈≈≈≈≈c####.≈≈≈≈#
##().§≈§≈§cc≈≈≈≈≈≈#
###(.§§§§≈≈≈≈≈≈≈#
##(§@§≈≈≈≈≈o..#
###ooooo(oo###
##########


You could see 4 centaurs, 3 friendly orc priests, a friendly orc wizard
(invisible) and 4 friendly orcs.

Vanquished Creatures
  The ghost of ldierk the Slasher, a novice DsFi of Gozag (D:6)
  A centaur (D:6)
  An orc warrior (D:6)
  3 ogres
  2 ice beasts (D:5)
  A scorpion (D:4)
  2 crimson imps
  The ghost of runewalsh the Chiller, a weakling OpIE (D:3)
  A jelly (D:5)
  A centaur zombie (D:5)
  Crazy Yiuf (D:6)
  2 hounds (D:4)
  4 orc wizards
  A centaur skeleton (D:4)
  An orc priest (D:5)
  2 worker ants (D:6)
  8 adders
  A shadow imp (D:5)
  3 giant geckos
  7 orcs
  3 ball pythons
  13 bats
  2 giant cockroaches
  8 goblins
  3 hobgoblins
  5 jackals
  5 quokkas
  5 giant newts
  A jackal zombie (D:5)
  9 kobolds
  2 quokka skeletons
  8 rats
108 creatures vanquished.

Vanquished Creatures (collateral kills)
  A scorpion (D:5)
  A crimson imp (D:6)
  An orc priest (D:5)
  3 orc wizards
  A giant frog skeleton (D:5)
  A worker ant (D:5)
  4 orcs
  A jackal (D:5)
  A giant newt (D:6)
14 creatures vanquished.

Vanquished Creatures (others)
  An orc priest (D:6)
  2 orc wizards
  18 orcs
21 creatures vanquished.

Grand Total: 143 creatures vanquished

Notes
Turn   | Place    | Note
--------------------------------------------------------------
     0 | D:1      | FIQ the Hill Orc Monk began the quest for the Orb.
     0 | D:1      | Reached XP level 1. HP: 19/19 MP: 1/1
    60 | D:1      | Reached skill level 1 in Armour
   287 | D:3      | Noticed runewalsh's ghost (weakling OpIE)
   367 | D:3      | Reached XP level 2. HP: 26/26 MP: 2/2
   381 | D:3      | Became a worshipper of Beogh the Brigand
   381 | D:3      | Reached * piety under Beogh
   381 | D:3      | Reached ** piety under Beogh
  1150 | D:2      | Reached XP level 3. HP: 29/31 MP: 3/3
  1520 | D:2      | Reached XP level 4. HP: 39/39 MP: 4/4
  1540 | D:2      | Found a glowing golden altar of the Shining One.
  1982 | D:3      | Killed runewalsh's ghost
  1989 | D:3      | Found a shimmering altar of Xom.
  2071 | D:3      | Reached *** piety under Beogh
  2090 | D:3      | Reached XP level 5. HP: 27/45 MP: 5/5
  2361 | D:4      | Reached skill level 5 in Armour
  2457 | D:4      | Reached skill level 6 in Armour
  2457 | D:4      | Reached XP level 6. HP: 14/51 MP: 6/6
  2807 | D:4      | Reached skill level 1 in Axes
  3594 | D:4      | Noticed Grinder
  3710 | D:5      | Entered Level 5 of the Dungeon
  3796 | D:5      | Reached XP level 7. HP: 31/57 MP: 7/7
  3997 | D:5      | Found a sacrificial altar of Ru.
  3997 | D:5      | Found an opulent altar of Gozag.
  4126 | D:5      | Reached skill level 5 in Axes
  4126 | D:5      | Reached skill level 7 in Armour
  4140 | D:5      | Found a radiant altar of Vehumet.
  4177 | D:5      | Reached **** piety under Beogh
  4409 | D:5      | Found a burning altar of Makhleb.
  4413 | D:5      | Found a glowing silver altar of Zin.
  4413 | D:5      | Noticed an angel
  4414 | D:5      | Noticed a green death
  4630 | D:5      | Reached XP level 8. HP: 55/67 MP: 8/8
  5636 | D:6      | Noticed ldierk's ghost (novice DsFi)
  5655 | D:6      | Killed ldierk's ghost
  5655 | D:6      | Reached skill level 5 in Fighting
  5827 | D:6      | Noticed Crazy Yiuf
  5834 | D:6      | Killed Crazy Yiuf
  5884 | D:6      | Reached skill level 8 in Axes
  5907 | D:6      | Found an iron altar of Okawaru.
  6065 | D:6      | HP: 2/70 [centaur/arrow (5)]
  6066 | D:6      | Shot with an arrow by a centaur

Vault maps used:
D:1:      lightli_arrival_maybe_door_vault, minmay_cupped
D:2:      nicolae_tso_carved_into_rock, st_stairs_1, minmay_misc_feat_rugged,
          serial_bayou_pond_a
D:3:      xom_butterflies, first_bread, kennysheep_generic_room_9
D:4:      uniq_grinder
D:5:      grunt_temple_overflow_order_and_chaos_2, lemuel_round_altar,
          gammafunk_temple_overflow_statue, kennysheep_dice
D:6:      okawaru_trees_1, centaur_isle, uniq_crazy_yiuf_cottage

Action                   |  1- 3 |  4- 6 |  7- 9 || total
-------------------------+-------+-------+-------++-------
Melee: Unarmed           |   138 |   164 |       ||   302
       War axe           |       |    83 |   153 ||   236
Invok: Convert to Beogh  |     1 |       |       ||     1
Evoke: Wand              |       |     2 |       ||     2
  Use: Potion            |       |     5 |     4 ||     9
       Scroll            |       |       |    12 ||    12
 Stab: Sleeping          |     1 |       |       ||     1
       Distracted        |       |       |     2 ||     2
       Confused          |       |       |     1 ||     1
  Eat: Chunk             |     2 |     8 |     7 ||    17
